 Dungeon Crawl Stone Soup version 0.31-a0-345-g1ebeae05c6 (webtiles) character file.

Game seed: 850007514256446019

2 drugrobin the Sneak (level 1, 0/18 HPs)
             Began as a Demigod Delver on July 22, 2023.
             Slain by Pargi (3 damage)
             ... on level 3 of the Dungeon.
             The game lasted 00:01:01 (81 turns).

drugrobin the Sneak (Demigod Delver)                  Turns: 81, Time: 00:01:02

Health: 0/18       AC:  4    Str: 13    XL:     1   Next: 20%
Magic:  3/3        EV: 11    Int: 12    God:
Gold:   11         SH:  0    Dex: 15    Spells: 0/0 levels left

rFire   . .          .
                       - Unarmed
rCold   . . .        (no shield)
rNeg    . . .        a - +0 leather armour
rPois   .            g - +0 helmet
rElec   .            (no cloak)
rCorr   .            (no gloves)
SInv    .            (no boots)
Will    .....        (no amulet)
Stlth   +++          (no ring)
HPRegen 0.23/turn    (no ring)
MPRegen 0.08/turn

%: no passive effects
@: no status effects
A: high MP 1, forlorn, divine attributes
a: no special abilities


You were on level 3 of the Dungeon.
You visited 1 branch of the dungeon, and saw 3 of its levels.

You collected 11 gold pieces.

Inventory:

Armour
 a - a +0 leather armour (worn)
 g - a +0 helmet (worn)
Wands
 f - a wand of digging (2)
Scrolls
 b - a scroll of fog
Potions
 d - a potion of lignification {unknown}
 e - a potion of haste


   Skills:
 - Level 2.6 Fighting
 - Level 1.7 Dodging
 - Level 4.5 Stealth
 + Level 2.0 Unarmed Combat


You couldn't memorise any spells.
You didn't know any spells.
Your spell library was empty.

Dungeon Overview and Level Annotations

Branches:
Dungeon (5/15)
 Temple: D:4-7

Annotations:
D:3 Grinder, Ijyb, Pargi
D:4 Pikel


Innate Abilities, Weirdness & Mutations

You have an increased reservoir of magic. (+10% MP)
You shall have no god before yourself.
Your divine heritage dramatically boosts your attributes as you level up.


Message History

Aiming: Dig
Press: ? - help, Shift-Dir - straight line A rock wall.
The rock shatters into small pieces.
Unknown command.
Unknown command.
Unknown command.
Grinder comes into view.
As you read the scroll of revelation, it crumbles to dust.
You feel aware of your surroundings.
You sensed 1 altar.
A kobold comes into view. It is wielding a +0 short sword.
Grinder shouts!
Grinder gestures at you.
You suddenly lose the ability to move!
The kobold moves out of view.
Grinder blinks!
Pargi bites you! Pargi claws you. Pargi claws you but does no damage.
Pargi bites you.
* * * LOW HITPOINT WARNING * * *
Pargi claws you but does no damage. Pargi claws you.
* * * LOW HITPOINT WARNING * * *
Pargi snarls, "My home!
Leave!"
Pargi completely misses you. Pargi claws you.
* * * LOW HITPOINT WARNING * * *
Pargi claws you but does no damage.
You can move again.
Unknown command.
Unknown command.
Unknown command.
Unknown command.
Unknown command.
Grinder says, "There's only one good use for a tongue: cutting it out."
Grinder blinks!
Pargi closely misses you. x3
Unknown command.
Unknown command.
Unknown command.
Unknown command.
You hit Pargi.
Pargi is lightly wounded.
Pargi bites you.
You die...

#..)....####.## *,,*
#.†.....####.## **,*
#.......###...# *,,
#.......##.##.#*******
#..>....#.##....,,,,,,
#######..###......****
#######.####....g.# **
######T5####......#**,
#####@#.######.##..*,,
#######5######.***,,,,
#######.#####..,**,,,*
#######.#####.#,**,,,,
#######........,,,,,**
#######.#.####.****,**
#######§..##...,,**,*
*,,,*,,,,,,,*,*
*,*,*,,,,,,,*,*


You could see Grinder and Pargi.

Vanquished Creatures
  A kobold (D:3)
  A rat (D:3)
2 creatures vanquished.

Notes
Turn   | Place    | Note
-------+----------+-------------------------------------------
     0 | D:5      | drugrobin the Demigod Delver began the quest for the Orb.
     0 | D:5      | Reached XP level 1. HP: 18/18 MP: 3/3
    20 | D:4      | Noticed Pikel
    20 | D:4      | Noticed a lemure
    20 | D:4      | Noticed a lemure
    20 | D:4      | Noticed a lemure
    21 | D:4      | Noticed a lemure
    22 | D:4      | Noticed a hound
    23 | D:4      | Noticed a scorpion
    58 | D:3      | Noticed Pargi
    66 | D:3      | Noticed Ijyb
    73 | D:3      | Noticed Grinder
    74 | D:3      | Paralysed by Grinder for 5 turns
    81 | D:3      | Slain by Pargi

Illustrated notes

Levels and vault maps discovered:
D:3:      layout_rooms, old_standard_altar, uniq_terence, uniq_pargi,
          uniq_grinder, uniq_ijyb
D:4:      layout_rooms, nicolae_ossuary_entry_monument, uniq_robin, uniq_pikel,
          uniq_menkaure, uniq_blork_the_orc, uniq_duvessa
D:5:      layout_basic, nicolae_ru_the_path_less_chosen, temple_fountains,
          grunt_decor_resistance

Skill      XL: |  1 |
---------------+----+-----
Unarmed Combat | 2 |  2.0
Fighting       | |  2.6
Dodging        | |  1.7
Stealth        | |  4.5

Action                     || total
---------------------------++-------
  Melee: Unarmed           ||     5
  Evoke: Wand              ||     1
    Use: Scroll            ||     3
   Stab: Sleeping          ||     1
 Armour: Leather armour    ||     5
  Dodge: Dodged            ||     6

Table legend: (Time is in decaauts)
 A = Elapsed time spent in this place.
 B = Non-inter-level travel time spent in this place.
 C = Inter-level travel time spent in this place.
 D = Time resting spent in this place.
 E = Time spent auto-exploring this place.
 F = Levels seen in this place.
 G = Mean time per level.
                   A        B        C        D        E       F      G
               +--------+--------+--------+--------+--------+-----+--------+
         Total |     80 |     80 |      0 |      0 |     15 |   3 |   26.7 |
       Dungeon |     80 |     80 |      0 |      0 |     15 |   3 |   26.7 |
               +--------+--------+--------+--------+--------+-----+--------+

Top non-repeatable levels by time:
     D:3: 53 daAuts
     D:5: 20 daAuts
     D:4: 6 daAuts
